 Dungeon Crawl Stone Soup version 0.30.1-9-gdf580d7c3d (webtiles) character file.

Game seed: 12210774344892656795

56 Cheops the Sneak (level 3, -1/25 HPs)
             Began as a Naga Fire Elementalist on Sept 27, 2023.
             Slain by an orc priest
             ... wielding a +0 hand axe
              (7 damage)
             ... on level 2 of the Dungeon.
             The game lasted 00:05:16 (1349 turns).

Cheops the Sneak (Naga Fire Elementalist)           Turns: 1349, Time: 00:05:16

Health: -1/25      AC:  2    Str: 10    XL:     3   Next: 95%
Magic:  3/7        EV:  9    Int: 17    God:
Gold:   54         SH:  0    Dex: 11    Spells: 5/8 levels left

rFire   . . .        a - +0 dagger (flame)
rCold   . . .        (no shield)
rNeg    . . .        d - +0 robe
rPois   +            (no helmet)
rElec   .            (no cloak)
rCorr   +            (no gloves)
SInv    +            (no barding)
Will    .....        (no amulet)
Stlth   ++           f - ring of resist corrosion
HPRegen 0.24/turn    (no ring)
MPRegen 0.10/turn

%: no passive effects
@: very slow
A: AC +1, large, see invisible, deformed body, poison resistance, slowness 2,
spit poison 1, naga tail 1, frail 1
a: Spit Poison


You were on level 2 of the Dungeon.
You visited 1 branch of the dungeon, and saw 2 of its levels.

You collected 54 gold pieces.

Inventory:

Hand Weapons
 a - a +0 dagger of flaming (weapon)
Armour
 d - a +0 robe (worn)
Magical Staves
 m - a staff of earth
Jewellery
 f - a ring of resist corrosion (left hand)
Scrolls
 e - a scroll of fog {unknown}
 h - a scroll of torment {unknown}
 j - a scroll of immolation {unknown}
 l - a scroll of fear {unknown}
 n - a scroll of poison {unknown}
Potions
 b - a potion of magic
 c - a potion of mutation
 g - a potion of lignification
 i - a potion of flight


   Skills:
 - Level 1.5 Dodging
 - Level 3.0 Stealth
 - Level 3.0 Spellcasting
 + Level 2.7 Conjurations
 - Level 3.0 Fire Magic


You had 5 spell levels left.
You knew the following spells:

 Your Spells              Type           Power      Damage    Failure   Level
a - Foxfire               Conj/Fire      48%        2x1d6     5%          1
s - Scorch                Fire           24%        2d6       8%          2

Your spell library contained the following spells:

 Spells                   Type           Power      Damage    Failure   Level
 Inner Flame              Hex/Fire       7%         N/A       28%         3
 Volatile Blastmotes      Fire/Tloc      14%        2d11      28%         3
 Flame Wave               Conj/Fire      12%        2d6       47%         4


Dungeon Overview and Level Annotations

Branches:
Dungeon (2/15)

Altars:


Innate Abilities, Weirdness & Mutations

Your serpentine skin is tough. (AC +1)
You have supernaturally acute eyesight. (SInv)
Armour fits poorly on your strangely shaped body.
Your system is resistant to poisons. (rPois)
You cover ground very slowly.
You can spit poison.
You have a snake-like lower body.
You are frail. (-10% HP)


Message History

You cannot move.
Okay, then.
Unknown command.
Okay, then.
You start resting.
Your transformation is almost over.
You feel less wooden.
Your +0 robe unmelds from your body.
You start resting.
Magic restored.
HP restored.
Items here: ))) [[ ††.
An orc priest comes into view. It is wielding a +0 hand axe.
Unknown command.
Casting: Scorch (safe; 8% risk of failure)
Confirm with . or Enter, or press ? or * to list all spells.
Flames lash the orc priest.
The orc priest shouts!
The orc priest is heavily wounded.
The orc priest's fire resistance burns away.
Casting: Scorch (safe; 8% risk of failure)
Confirm with . or Enter, or press ? or * to list all spells.
You conjure some foxfire!
The orc priest mumbles some strange prayers to Beogh against you.
Beogh smites you!
Ouch! That really hurt!
* * * LOW HITPOINT WARNING * * *
You closely miss the orc priest.
The orc priest is heavily wounded.
The foxfire hits the orc priest.
The orc priest is burned terribly!
The orc priest is almost dead.
The foxfire hits the orc priest.
The orc priest is almost dead.
The orc priest hits you with a +0 hand axe.
* * * LOW HITPOINT WARNING * * *
Casting: Foxfire (safe; 5% risk of failure)
Confirm with . or Enter, or press ? or * to list all spells.
You conjure some foxfire!
The orc priest hits you with a +0 hand axe!
You die...

#........
#######.# ...
#.# #'# #.# #.#
#########.# #.#
#.).......#
#######.##
#.#########
#...o....###.#
#@v...##.#
#.####v..###.#
..o...........#
.#.#####.######
#.# #.# ..# ###


You could see an orc priest (combustible, ally target).

Vanquished Creatures
  An orc priest (D:2)
  A worm (D:2)
  A dart slug (D:1)
  2 orcs (D:2)
  An endoplasm (D:2)
  6 goblins
  2 quokkas (D:1)
  2 bats (D:1)
  A frilled lizard (D:1)
  A kobold (D:1)
  A rat (D:1)
19 creatures vanquished.

Vanquished Creatures (others)
  23 foxfires
23 creatures vanquished.

Grand Total: 42 creatures vanquished

Notes
Turn   | Place    | Note
-------+----------+-------------------------------------------
     0 | D:1      | Cheops the Naga Fire Elementalist began the quest for the
                  | Orb.
     0 | D:1      | Reached XP level 1. HP: 15/15 MP: 3/3
   201 | D:1      | Reached XP level 2. HP: 22/22 MP: 3/5
   205 | D:1      | Learned a level 2 spell: Scorch
  1260 | D:2      | Gained mutation: You are dopey. (Int -2) [potion of
                  | mutation]
  1260 | D:2      | Gained mutation: You are frail. (-10% HP) [potion of
                  | mutation]
  1260 | D:2      | Lost mutation: You are dopey. (Int -2) [potion of mutation]
  1261 | D:2      | HP: 1/28 [orc priest/+0 whip (4)]
  1267 | D:2      | Reached XP level 3. HP: 18/25 MP: 1/7
  1349 | D:2      | Slain by an orc priest

Illustrated notes

Levels and vault maps discovered:
D:1:      kennysheep_arrival_seaside, layout_basic, grunt_decor_fettered,
          minmay_distorted
D:2:      layout_loops_corners, dreamdust_wishing_well, kennysheep_crisscross

Skill      XL: |  1  2 |
---------------+-------+-----
Spellcasting   | 3 |  3.0
Conjurations   | 2 |  2.7
Dodging        | |  1.5
Stealth        | |  3.0
Fire Magic     | |  3.0

Action                     || total
---------------------------++-------
  Melee: Dagger            ||    19
         Unarmed           ||     1
   Cast: Foxfire           ||    16
         Scorch            ||     7
Ability: Spit Poison       ||     7
    Use: Potion            ||     4
   Stab: Sleeping          ||     1
 Armour: Robe              ||     4
         Skin              ||    12
  Dodge: Dodged            ||     8
